[Event "OeISM B U10"]
[Site "AUT_boys_U10"]
[Date "2020.12.13"]
[Round "5"]
[White "philip2010"]
[Black "Lukas-2010"]
[Result "1/2-1/2"]
[WhiteElo "1891"]
[BlackElo "1961"]
[Annotator "NA"]
[PlyCount "277"]
[EventDate "2020.12.13"]
[EventType "blitz"]
[TimeControl "600+3"]

1. d4 Nf6 2. Bf4 e6 3. e3 c5 4. c3 cxd4 5. exd4 b6 6. Nf3 Bb7 7. Be2 Be7 8. O-O O-O 9. Nbd2 d6 10. h3 Nbd7 11. Re1 Re8 12. Bf1 Bf8 13. Nc4 Qc7 14. a4 Rad8 15. Qb3 Bxf3 16. gxf3 e5 17. dxe5 Nxe5 18. Nxe5 dxe5 19. Bg3 Bc5 20. Qc2 Nh5 21. Kg2 Nxg3 22. fxg3 Rd6 23. Rad1 Rg6 24. g4 Rd6 25. Rxd6 Bxd6 26. Bd3 h6 27. Be4 Rd8 28. Rd1 Be7 29. Rd3 Rxd3 30. Qxd3 Qd6 31. Qxd6 Bxd6 32. Kf1 Kf8 33. Ke2 Ke7 34. Kd3 g6 35. Kc4 a6 36. Bb7 a5 37. Kb5 Bc5 38. b4 axb4 39. cxb4 Bd4 40. Kc4 Kd6 41. a5 bxa5 42. bxa5 f5 43. Kd3 Ba7 44. a6 h5 45. gxh5 gxh5 46. Bc8 e4+ 47. fxe4 fxe4+ 48. Kxe4 h4 49. Kd3 Ke5 50. Kc4 Kf6 51. Kb5 Kg7 52. Kc6 Kh8 53. Kb7 Bd4 54. Bg4 Kg7 55. Kc6 Kh8 56. Kd5 Ba7 57. Ke4 Kg7 58. Kf5 Kh8 59. Kg5 Bf2 60. Kh5 Kg7 61. Bc8 Kh8 62. Bb7 Kg7 63. Kg4 Kh8 64. Kg5 Kg7 65. Kh5 Kh8 66. Bf3 Kg7 67. Bg4 Kh8 68. Bf3 Kg7 69. Bg4 Kh8 70. Bc8 Kg7 71. Bb7 Kh8 72. Kg4 Kg7 73. Kf3 Ba7 74. Ke4 Kh8 75. Kd5 Kg7 76. Kc6 Kh8 77. Kd7 Kg7 78. Kc8 Kh8 79. Bg2 Kg7 80. Kb7 Bd4 81. Kc6 Kh8 82. Kb5 Kg7 83. Kc4 Ba7 84. Kd5 Kh8 85. Kd6 Kg7 86. Kc7 Kh8 87. Kb7 Bf2 88. Kb8 Kg7 89. Kb7 Kh8 90. Kc8 Kg7 91. Kc7 Kh8 92. Kc6 Kg7 93. Bh1 Kh8 94. Kb5 Kg7 95. Kc6 Kh8 96. Kb7 Kg7 97. a7 Bxa7 98. Kxa7 Kh8 99. Kb6 Kg7 100. Kc5 Kh8 101. Kd4 Kg7 102. Ke4 Kh8 103. Kf4 Kg7 104. Kg4 Kh8 105. Kxh4 Kg7 106. Kh5 Kh8 107. h4 Kg8 108. Bg2 Kh8 109. Kg5 Kg7 110. h5 Kh8 111. Bh3 Kg7 112. Bf5 Kh8 113. Kf6 Kg8 114. Kg5 Kh8 115. h6 Kg8 116. Kh5 Kh8 117. Bg4 Kg8 118. Bf3 Kh8 119. Be2 Kg8 120. Bd1 Kh8 121. Bc2 Kg8 122. Bb1 Kh8 123. Ba2 Kh7 124. Bb1+ Kh8 125. Kg6 Kg8 126. Bc2 Kh8 127. Bd3 Kg8 128. Be4 Kh8 129. Bf5 Kg8 130. Be4 Kh8 131. Bd3 Kg8 132. Bc2 Kh8 133. Bb1 Kg8 134. Bf5 Kh8 135. Bh3 Kg8 136. Bg2 Kh8 137. Bf1 Kg8 138. Be2 Kh8 139. Bd3 {[%emt 0:00:00] Threefold Rep Threefold Rep} 1/2-1/2